 Dungeon Crawl Stone Soup version 0.30-a0-165-g1891117ce2 (webtiles) character file.

Game seed: 5956633580578085490

103 Hubris850 the Shooter (level 5, 0/30 HPs)
             Began as a Kobold Hunter on Sept 28, 2022.
             Slain by Jessica
             ... wielding a +0 dagger
              (3 damage)
             ... on level 2 of the Dungeon.
             The game lasted 00:03:55 (1407 turns).

Hubris850 the Shooter (Kobold Hunter)               Turns: 1407, Time: 00:03:56

Health: 0/30       AC:  4    Str:  8    XL:     5   Next: 6%
Magic:  5/5        EV: 15    Int: 11    God:
Gold:   83         SH:  0    Dex: 20    Spells: 4/4 levels left

rFire   . . .      SeeInvis .    a - +1 shortbow
rCold   . . .      Faith    .    (shield currently unavailable)
rNeg    . . .      Spirit   .    c - +1 leather armour
rPois   .          Reflect  .    (no helmet)
rElec   .          Harm     .    (no cloak)
rCorr   .          Rampage  .    (no gloves)
Will    .....                    (no boots)
Stlth   ++++......               (no amulet)
HPRegen 0.10/turn                (no ring)
MPRegen 0.09/turn                (no ring)

@: no status effects
A: small, no large weapons, nightstalker 3, hooves 1, mutation resistance 1
a: no special abilities


You were on level 2 of the Dungeon.
You visited 1 branch of the dungeon, and saw 2 of its levels.

You collected 83 gold pieces.

Inventory:

Hand Weapons
 a - a +1 shortbow (weapon)
Armour
 c - a +1 leather armour (worn)
 h - an orb of mayhem
Jewellery
 f - a +6 ring of intelligence
Scrolls
 b - a scroll of immolation
 e - a scroll of vulnerability {unknown}
Potions
 d - a potion of flight
 g - a potion of brilliance
 i - 2 potions of might


   Skills:
 - Level 2.1 Fighting
 + Level 6.4 Ranged Weapons
 - Level 3.6 Dodging
 - Level 4.0 Stealth


You had 4 spell levels left.
You didn't know any spells.
Your spell library contained the following spells:

 Spells                   Type           Power      Damage    Failure   Level
 Magic Dart               Conj           0%         1d3       45%         1
 Call Imp                 Summ           0%         N/A       61%         2
 Ensorcelled Hibernation  Hex/Ice        0%         N/A       61%         2
 Mephitic Cloud           Conj/Pois/Air  0%         N/A       83%         3
 Spider Form              Tmut/Pois      0%         N/A       83%         3
 Anguish                  Hex/Necr       0%         N/A       99%         4


Dungeon Overview and Level Annotations

Branches:
Dungeon (2/15)

Altars:

Shops:
D:1 *

Annotations:
D:2 Jessica


Innate Abilities, Weirdness & Mutations

You are small and have problems with some larger weapons.
You are completely attuned to the shadows.
You have large cloven feet.
You are somewhat resistant to further mutation.


Message History

You are too injured to fight recklessly!
You are too injured to fight recklessly!
Fire: a) +1 shortbow
Press: ? - help, Q - select action Shift-Dir - straight line, f/p - adder
Aim: an adder (52% to hit)
You shoot an arrow. The arrow hits the adder!
The adder is severely wounded.
The adder bites you but does no damage. The kobold closely misses you.
You aren't carrying any items that you can evoke.
Fire: a) +1 shortbow
Press: ? - help, Q - select action Shift-Dir - straight line, f/p - adder
Aim: an adder (severely wounded, 52% to hit)
You shoot an arrow.
The arrow hits the adder but does no damage.
The adder is severely wounded.
The adder closely misses you.
The kobold hits you with a +0 short sword.
* * * LOW HITPOINT WARNING * * *
Jessica hits you with a +0 dagger.
* * * LOW HITPOINT WARNING * * *
The adder closely misses you.
Fire: a) +1 shortbow
Press: ? - help, Q - select action Shift-Dir - straight line, f/p - adder
Aim: an adder (severely wounded, 52% to hit)
You shoot an arrow. The arrow hits the adder.
The adder is almost dead.
The adder closely misses you. The kobold completely misses you.
Jessica closely misses you. The adder misses you.
Fire: a) +1 shortbow
Press: ? - help, Q - select action Shift-Dir - straight line, f/p - adder
Aim: an adder (almost dead, 52% to hit)
You shoot an arrow. The arrow hits the adder.
You kill the adder!
Jessica closely misses you.
The kobold hits you with a +0 short sword.
* * * LOW HITPOINT WARNING * * *
The kobold hits you with a +0 short sword.
* * * LOW HITPOINT WARNING * * *
Jessica hits you with a +0 dagger.
You die...

#......................#
###........#############
#..#####.# #..# #.#
###..# #.# .....# ######
####.# #$.... ###'####
#.@..# #......##.#.#
#@)..# .. #......##.#.#
#.K.## ####.
#......##.#.###.####
####....
###'#####.#...).....
###.......
####.#####...........
##.........
...........#.......##
#..†.†.....
####.#####.#..†.####
#..####.###.
####'#####.#.####
##..##...# #.
.........#)#..
#...#....# #.


You could see Jessica and a kobold.

Vanquished Creatures
  Natasha (twice) (D:2)
  2 adders (D:2)
  A dart slug (D:1)
  3 endoplasms
  3 giant cockroaches (D:2)
  4 goblins
  2 hobgoblins (D:2)
  4 kobolds
  3 quokkas
  4 ball pythons
  6 bats
  5 frilled lizards
  7 rats
46 creatures vanquished.

Notes
Turn   | Place    | Note
-------+----------+-------------------------------------------
     0 | D:1      | Hubris850 the Kobold Hunter began the quest for the Orb.
     0 | D:1      | Reached XP level 1. HP: 12/12 MP: 1/1
   156 | D:1      | Found Veymo Aletah's Assorted Antiques.
   250 | D:1      | Reached XP level 2. HP: 17/17 MP: 2/2
   448 | D:1      | Found a faded altar of an unknown god.
   695 | D:2      | Reached XP level 3. HP: 21/21 MP: 3/3
   717 | D:2      | Gained mutation: You have large cloven feet. [potion of
                  | mutation]
   717 | D:2      | Gained mutation: You are somewhat resistant to further
                  | mutation. [potion of mutation]
   760 | D:2      | Noticed Natasha
   765 | D:2      | Killed Natasha
   766 | D:2      | Reached XP level 4. HP: 26/26 MP: 4/4
   769 | D:2      | Reached skill level 6 in Ranged Weapons
  1394 | D:2      | Noticed Natasha
  1397 | D:2      | Killed Natasha
  1401 | D:2      | Reached XP level 5. HP: 21/30 MP: 5/5
  1402 | D:2      | Noticed Jessica
  1407 | D:2      | Slain by Jessica

Illustrated notes

Levels and vault maps discovered:
D:1:      giann_forest_graveyard, layout_rooms, serial_shops,
          nicolae_square_shop, dreamdust_ecumenical_altar_statues,
          chequers_serial_rivers_micro_d
D:2:      minmay_recursive_quarters, layout_basic, uniq_jessica, uniq_natasha

Skill      XL: |  1  2  3  4 |
---------------+-------------+-----
Stealth        | 2 3 4 |  4.0
Dodging        | 3 |  3.6
Ranged Weapons | 6 |  6.4
Fighting       | |  2.1

Action                   |  1- 3 |  4- 6 || total
-------------------------+-------+-------++-------
 Fire: Shortbow          |    52 |    44 ||    96
  Use: Scroll            |     4 |     4 ||     8
       Potion            |     1 |       ||     1
Armor: Leather armour    |     8 |     5 ||    13
Dodge: Dodged            |    19 |    16 ||    35

Table legend: (Time is in decaauts)
 A = Elapsed time spent in this place.
 B = Non-inter-level travel time spent in this place.
 C = Inter-level travel time spent in this place.
 D = Time resting spent in this place.
 E = Time spent auto-exploring this place.
 F = Levels seen in this place.
 G = Mean time per level.
                   A        B        C        D        E       F      G
               +--------+--------+--------+--------+--------+-----+--------+
         Total |   1432 |   1409 |     23 |      0 |   1190 |   2 |  716.0 |
       Dungeon |   1432 |   1409 |     23 |      0 |   1190 |   2 |  716.0 |
               +--------+--------+--------+--------+--------+-----+--------+

Top non-repeatable levels by time:
     D:2: 753 daAuts
     D:1: 679 daAuts
